 Dungeon Crawl Stone Soup version 0.27-a0-1149-g4505690ab0 (webtiles) character file.

Game seed: 11928954492997545700

689 Gwenloh the Magician (level 7, 0/45 HPs)
             Began as a Djinni Ice Elementalist on May 14, 2021.
             Slain by a hornet zombie (2 damage)
             ... on level 5 of the Dungeon.
             The game lasted 00:21:50 (5489 turns).

Gwenloh the Magician (Djinni Ice Elementalist)      Turns: 5489, Time: 00:21:51

Health: 0/45       AC:  7    Str:  7    XL:     7   Next: 95%
Gold:   171        EV: 13    Int: 18    God:
                   SH:  0    Dex: 14

rFire    + + .     SeeInvis .   u - +1 rapier (venom)
rCold    . . .     Faith    .   (no shield)
rNeg     . . .     Spirit   .   e - +2 leather armour {rC+}
rPois    ∞         Reflect  .   i - +0 helmet
rElec    .         Harm     .   (no cloak)
rCorr    .         Rampage  .   j - +0 pair of gloves
Will     .....                  (boots unavailable)
Stlth    ++........             (no amulet)
HPRegen  0.15/turn              (no ring)
MPRegen  0.00/turn              (no ring)

@: mighty, brilliant, flying
A: sickness immunity, fire resistance 2, cold vulnerability 1, float, innate
caster, hp casting, extra vitality 1
a: no special abilities


You were on level 5 of the Dungeon.
You visited 1 branch of the dungeon, and saw 5 of its levels.

You collected 171 gold pieces.

Inventory:

Hand Weapons
 h - a +2 spear of flaming
 r - a +2 dagger of venom
 u - a +1 rapier of venom (weapon)
Missiles
 d - 122 stones
 o - 3 boomerangs (quivered)
Armour
 a - a +0 robe
 e - a +2 leather armour of cold resistance (worn)
 i - a +0 helmet (worn)
 j - a +0 pair of gloves (worn)
Wands
 l - a wand of acid (3)
Scrolls
 b - a scroll of amnesia {unknown}
 f - a scroll of identify {unknown}
 n - 2 scrolls of fear {unknown}
 q - a scroll of brand weapon {unknown}
 s - 4 scrolls of noise {unknown}
 t - a scroll of teleportation {unknown}
Potions
 k - a potion of magic


   Skills:
 + Level 0.0 Armour
 - Level 5.4 Dodging
 - Level 1.5 Stealth
 * Level 6.1 Spellcasting


You couldn't memorise any spells.
You knew the following spells:

 Your Spells              Type           Power      Damage    Failure   Level
a - Freeze                Ice            100%       1d11      1%          1
b - Frozen Ramparts       Ice            82%        1d10      4%          3
c - Ozocubu's Armour      Ice            41%        N/A       4%          3
d - Hailstorm             Conj/Ice       41%        3d10      14%         4
e - Metabolic Englaciati  Hex/Ice        20%        N/A       38%         5
f - Pain                  Necr           100%       1d9       1%          1
g - Static Discharge      Conj/Air       41%        N/A       2%          2
h - Searing Ray           Conj           82%        3d6       2%          2
Your spell library was empty.

Dungeon Overview and Level Annotations

Branches:
Dungeon (5/15)
 Temple: D:4-7

Altars:
Ashenzari


Innate Abilities, Weirdness & Mutations

You are immune to sickness and miasma.
You are immune to poison.
Your flesh is very heat resistant. (rF++)
You are vulnerable to cold. (rC-)
You float through the air rather than walking.
You learn spells naturally, not from books.
Your magical power is your life essence.
You have superior vitality. (+4 HP)


Message History

Aiming: Freeze (safe; 1% risk of failure)
Press: ? - help, Shift-Dir - straight line, f/p - hornet zombie
Aim: a hornet zombie (moderately damaged)
You freeze the hornet zombie but do no damage.
The hornet zombie completely resists.
The hornet zombie misses you.
Casting: Freeze (safe; 1% risk of failure)
Confirm with . or Enter, or press ? or * to list all spells.
Aiming: Searing Ray (safe; 2% risk of failure)
Press: ? - help, Shift-Dir - straight line, f/p - hornet zombie
Aim: a hornet zombie (moderately damaged, 82% to hit)
The searing ray hits the hornet zombie!
The hornet zombie is moderately damaged. (Press . to maintain the ray.)
The hornet zombie hits you.
The searing ray hits the hornet zombie.
The hornet zombie is heavily damaged.
The hornet zombie hits you!
* * * LOW HITPOINT WARNING * * *
The hornet zombie hits you.
* * * LOW HITPOINT WARNING * * *
The searing ray misses the hornet zombie.
* * * LOW HITPOINT WARNING * * *
The hornet zombie barely misses you.
It was a potion of magic.
Magic courses through your body.
The hornet zombie completely misses you.
It was a potion of curing.
You feel better.
The hornet zombie closely misses you. x2
Aiming: Corrosive Bolt
Press: ? - help, Shift-Dir - straight line, f/p - hornet zombie
Aim: a hornet zombie (heavily damaged, 75% to hit)
The bolt of acid misses the hornet zombie.
The hornet zombie hits you.
* * * LOW HITPOINT WARNING * * *
It was a potion of might.
You feel very mighty all of a sudden.
The hornet zombie hits you but does no damage.
It was a potion of brilliance.
You feel clever all of a sudden. The hornet zombie hits you.
You die...

#######
#..Z@.#
#.###.#
#.#.#[#
#.#...#
#.#.###
#.#.#
..#.#
######.#
#......#


You could see a hornet zombie.

Vanquished Creatures
  Eustachio (D:4)
  A water moccasin (D:4)
  Purgy (D:4)
  A phantom (D:4)
  Ijyb (D:3)
  Terence (D:3)
  2 iguanas
  An orc wizard (D:3)
  Robin (D:3)
  3 adders
  5 worms
  4 dart slugs
  3 orcs
  5 ball pythons
  7 bats
  4 endoplasms
  3 giant cockroaches
  9 hobgoblins
  3 jackals (D:4)
  7 kobolds
  3 quokkas
  4 frilled lizards (D:2)
  16 goblins
  3 rats
89 creatures vanquished.

Notes
Turn   | Place    | Note
-------+----------+-------------------------------------------
     0 | D:1      | Gwenloh the Djinni Ice Elementalist began the quest for the
                  | Orb.
     0 | D:1      | Reached XP level 1. HP: 15/15 MP: 0/0
   275 | D:1      | Reached XP level 2. HP: 13/21 MP: 0/0
   816 | D:1      | Found a faded altar of an unknown god.
  1280 | D:2      | Reached XP level 3. HP: 22/25 MP: 0/0
  1280 | D:2      | Learned a level 1 spell: Pain
  1333 | D:2      | Found a broken altar of Ashenzari.
  2131 | D:2      | Reached skill level 4 in Spellcasting
  2131 | D:2      | Reached XP level 4. HP: 27/31 MP: 0/0
  2419 | D:3      | Noticed Robin
  2447 | D:3      | Killed Robin
  2996 | D:3      | Noticed Ijyb
  3003 | D:3      | Killed Ijyb
  3004 | D:3      | Reached XP level 5. HP: 27/35 MP: 0/0
  3004 | D:3      | Learned a level 2 spell: Static Discharge
  3534 | D:3      | Noticed Terence
  3552 | D:3      | Killed Terence
  3736 | D:3      | Reached XP level 6. HP: 25/40 MP: 0/0
  4227 | D:4      | Noticed Purgy
  4417 | D:4      | Killed Purgy
  4418 | D:4      | Reached skill level 5 in Spellcasting
  4739 | D:4      | Noticed Eustachio
  4751 | D:4      | Killed Eustachio
  4752 | D:4      | Reached skill level 5 in Dodging
  4752 | D:4      | Reached XP level 7. HP: 37/45 MP: 0/0
  4752 | D:4      | Learned a level 2 spell: Searing Ray
  5245 | D:4      | Noticed a water moccasin
  5255 | D:4      | Killed a water moccasin
  5256 | D:4      | Reached skill level 6 in Spellcasting
  5453 | D:5      | Entered Level 5 of the Dungeon
  5487 | D:5      | HP: 2/45 [hornet zombie (6)]
  5489 | D:5      | Slain by a hornet zombie

Illustrated notes

Levels and vault maps discovered:
D:1:      dpeg_arrival_pits, layout_loops_corners,
          hellmonk_ecumenical_altar_blasted, moated_statue, minmay_heptomino_h4
D:2:      layout_rooms, basic_altar
D:3:      layout_basic, minmay_misc_feat_rugged, uniq_ijyb, uniq_robin,
          uniq_terence
D:4:      layout_basic, uniq_eustachio, uniq_purgy
D:5:      layout_basic

Skill      XL: |  1  2  3  4  5  6  7 |
---------------+----------------------+-----
Dodging        | 3 4 5 |  5.4
Spellcasting   | 4 5 6 |  6.1
Stealth        | |  1.5

Action                   |  1- 3 |  4- 6 |  7- 9 || total
-------------------------+-------+-------+-------++-------
Melee: Rapier            |    14 |     4 |     2 ||    20
       Spear             |       |    29 |       ||    29
       Dagger            |       |    19 |       ||    19
Throw: Stone             |    17 |    55 |       ||    72
       Boomerang         |       |    21 |     6 ||    27
 Cast: Freeze            |    39 |    39 |     7 ||    85
       Frozen Ramparts   |     7 |    15 |       ||    22
       Pain              |     3 |     2 |       ||     5
       Ozocubu's Armour  |       |     2 |       ||     2
       Static Discharge  |       |       |     5 ||     5
       Searing Ray       |       |       |     2 ||     2
Evoke: Wand              |       |     1 |     1 ||     2
  Use: Potion            |       |       |     4 ||     4
 Stab: Sleeping          |     1 |     4 |       ||     5
Armor: Robe              |     4 |    21 |     1 ||    26
       Leather armour    |       |       |     2 ||     2
Dodge: Dodged            |    19 |    60 |    15 ||    94

Table legend: (Time is in decaauts)
 A = Elapsed time spent in this place.
 B = Non-inter-level travel time spent in this place.
 C = Inter-level travel time spent in this place.
 D = Time resting spent in this place.
 E = Time spent auto-exploring this place.
 F = Levels seen in this place.
 G = Mean time per level.
                   A        B        C        D        E       F      G
               +--------+--------+--------+--------+--------+-----+--------+
         Total |   5511 |   5330 |    181 |      0 |   4506 |   5 | 1102.2 |
       Dungeon |   5511 |   5330 |    181 |      0 |   4506 |   5 | 1102.2 |
               +--------+--------+--------+--------+--------+-----+--------+

Top non-repeatable levels by time:
     D:3: 1677 daAuts
     D:2: 1336 daAuts
     D:1: 1270 daAuts
     D:4: 1190 daAuts
     D:5: 35 daAuts
